[ PARTIDA AOE2 · #487797834 ]
UnrankedJaponeses vs Teutons
[ ANÁLISIS DE REPETICIÓN · EXTRAÍDO DE LA PARTIDA GRABADA ]
Feudal
12:34
Castillos
18:34
Imperial
30:56
| APM promedio | 18.6 |
| APM pico | 85 |
| eAPM promedio | 14.2 |
| Aldeanos / militares | 146 / 186 |
Foco
⚔️ 16.0% · 🌾 84.0%
Samurai ×166 · Battering Ram ×11 · Trade Cart ×5 · Trebuchet (Packed) ×4 · Mangonel ×3 · Monk ×2
Feudal
11:09
Castillos
18:11
Imperial
31:09
| APM promedio | 25.9 |
| APM pico | 63 |
| eAPM promedio | 19.4 |
| Aldeanos / militares | 124 / 150 |
Foco
⚔️ 28.5% · 🌾 71.5%
Magyar Huszar ×83 · Cavalry Archer ×63 · Trade Cart ×4 · Trebuchet (Packed) ×3 · Monk ×1
Feudal
11:59
Castillos
16:48
Imperial
31:46
| APM promedio | 25.1 |
| APM pico | 76 |
| eAPM promedio | 19.5 |
| Aldeanos / militares | 115 / 357 |
Foco
⚔️ 49.3% · 🌾 50.7%
Spearman ×256 · Skirmisher ×69 · Hand Cannoneer ×14 · Huskarl ×12 · Trebuchet (Packed) ×4 · Petard ×2
Feudal
12:07
Castillos
18:06
Imperial
31:59
| APM promedio | 23.3 |
| APM pico | 59 |
| eAPM promedio | 19.0 |
| Aldeanos / militares | 130 / 182 |
Foco
⚔️ 37.5% · 🌾 62.5%
Knight ×92 · Obuch ×74 · Bombard Cannon ×13 · Trebuchet (Packed) ×2 · Monk ×1
Feudal
13:42
Castillos
20:00
Imperial
32:50
| APM promedio | 11.2 |
| APM pico | 23 |
| eAPM promedio | 9.7 |
| Aldeanos / militares | 119 / 100 |
Foco
⚔️ 20.7% · 🌾 79.3%
Spearman ×55 · Skirmisher ×19 · Trade Cart ×18 · Teutonic Knight ×15 · Scout Cavalry ×10 · Monk ×1
Feudal
11:36
Castillos
19:14
Imperial
31:41
| APM promedio | 20.2 |
| APM pico | 42 |
| eAPM promedio | 12.8 |
| Aldeanos / militares | 171 / 114 |
Foco
⚔️ 16.4% · 🌾 83.6%
Battle Elephant ×81 · Scout Cavalry ×25 · Bombard Cannon ×7 · Monk ×1
Feudal
12:54
Castillos
18:54
Imperial
32:11
| APM promedio | 12.9 |
| APM pico | 32 |
| eAPM promedio | 11.1 |
| Aldeanos / militares | 145 / 127 |
Foco
⚔️ 26.1% · 🌾 73.9%
Scorpion ×73 · Centurion ×33 · Spearman ×20 · Monk ×1
Feudal
11:37
Castillos
18:41
Imperial
34:35
| APM promedio | 35.6 |
| APM pico | 60 |
| eAPM promedio | 26.7 |
| Aldeanos / militares | 232 / 176 |
Foco
⚔️ 31.7% · 🌾 68.3%
Militia ×129 · Spearman ×40 · Trade Cart ×12 · Monk ×3 · Urumi Swordsman ×2 · Trebuchet (Packed) ×2
Mapa de la partida
Recursos iniciales + cada clic de construcción. Líneas = muros · curvas = relieve. ◆ oro · ⬟ piedra · ● bayas · ✦ reliquia · ◌ hueco del cierre
Tu base· ✓ Cerrada en 18:34 · 23t muro · sin puerta
Base de Capo9010· ✓ Cerrada en 18:11 · 10t muro · sin puerta
Base de UniformSpace737· ✓ Cerrada en 16:48 · 1t muro · sin puerta
Base de InvisibleUnc· ✓ Cerrada en 18:06 · 13t muro · sin puerta
Base de Mario· ✓ Cerrada en 20:00 · 9t muro · sin puerta
Base de Sandra Martino· ✓ Cerrada en 19:14 · 5t muro · sin puerta
Base de ehc_berliner· ✓ Cerrada en 18:54 · 0t muro · sin puerta
Base de Ed· ✓ Cerrada en 18:41 · 26t muro · 2 puerta(s)
Terreno inicial suavizado · ◌ = hueco del cierre detectado · pasá el cursor para detalles
Inputs por minuto
— Erloeser - - Capo9010
Build order — Erloeser
Primeras 150 de 374 acciones detectadas
| 0:02 | Investigar | Loom |
| 0:03 | Crear | Villager (Male) |
| 0:03 | Crear | Villager (Male) |
| 0:03 | Crear | Villager (Male) |
| 0:04 | Crear | Villager (Male) |
| 0:09 | Construir | House |
| 0:14 | Construir | House |
| 2:04 | Crear | Villager (Male) |
| 2:47 | Construir | Palisade Wall |
| 2:52 | Construir | Palisade Wall |
| 3:01 | Crear | Villager (Male) |
| 3:35 | Construir | Lumber Camp |
| 3:39 | Crear | Villager (Male) |
| 3:40 | Crear | Villager (Male) |
| 4:05 | Crear | Villager (Male) |
| 4:49 | Construir | House |
| 4:57 | Crear | Villager (Male) |
| 4:57 | Crear | Villager (Male) |
| 5:22 | Construir | House |
| 5:24 | Construir | House |
| 6:13 | Crear | Villager (Male) |
| 6:14 | Crear | Villager (Male) |
| 6:14 | Crear | Villager (Male) |
| 6:14 | Crear | Villager (Male) |
| 6:47 | Construir | Mill |
| 6:55 | Construir | Lumber Camp |
| 7:11 | Crear | Villager (Male) |
| 7:11 | Crear | Villager (Male) |
| 7:39 | Crear | Villager (Male) |
| 7:40 | Crear | Villager (Male) |
| 8:05 | Crear | Villager (Male) |
| 8:05 | Crear | Villager (Male) |
| 8:34 | Construir | House |
| 8:37 | Construir | House |
| 8:39 | Construir | House |
| 10:10 | Investigar | Feudal Age |
| 10:30 | Construir | Mining Camp |
| 11:16 | Crear | Villager (Male) |
| 11:17 | Crear | Villager (Male) |
| 11:17 | Crear | Villager (Male) |
| 11:18 | Crear | Villager (Male) |
| 11:18 | Crear | Villager (Male) |
| 12:34 | Edad | Edad Feudal |
| 12:37 | Construir | Blacksmith |
| 12:43 | Construir | Market |
| 12:59 | Investigar | Double-Bit Axe |
| 13:08 | Construir | Mining Camp |
| 13:13 | Investigar | Horse Collar |
| 13:31 | Construir | Farm |
| 13:55 | Construir | Outpost |
| 14:04 | Construir | Farm |
| 14:10 | Investigar | Wheelbarrow |
| 14:24 | Construir | Mill |
| 14:31 | Construir | Farm |
| 14:56 | Investigar | Castle Age |
| 15:24 | Construir | Lumber Camp |
| 16:06 | Construir | Farm |
| 16:07 | Construir | Farm |
| 16:16 | Investigar | Gold Mining |
| 16:41 | Crear | Villager (Male) |
| 16:42 | Crear | Villager (Male) |
| 16:44 | Crear | Villager (Male) |
| 16:45 | Crear | Villager (Male) |
| 17:14 | Crear | Villager (Male) |
| 17:51 | Construir | Stone Wall |
| 17:58 | Investigar | Stone Mining |
| 18:34 | Edad | Edad de los Castillos |
| 18:37 | Construir | Town Center |
| 18:42 | Construir | Farm |
| 18:43 | Construir | Farm |
| 18:44 | Construir | Farm |
| 18:46 | Construir | Farm |
| 18:47 | Construir | Farm |
| 18:49 | Construir | Farm |
| 18:54 | Investigar | Bow Saw |
| 19:21 | Construir | Gate |
| 19:42 | Crear | Villager (Male) ×5 |
| 20:00 | Construir | Town Center |
| 20:30 | Construir | Farm |
| 20:33 | Investigar | Heavy Plow |
| 20:49 | Construir | Farm |
| 20:55 | Construir | Farm |
| 21:06 | Construir | Mining Camp |
| 21:29 | Crear | Villager (Male) ×5 |
| 21:30 | Crear | Villager (Male) |
| 21:39 | Construir | Monastery |
| 21:46 | Construir | House |
| 21:47 | Construir | House |
| 21:49 | Construir | House |
| 21:50 | Construir | House |
| 22:04 | Construir | Farm |
| 22:06 | Construir | Farm |
| 22:08 | Construir | Farm |
| 22:22 | Investigar | Gold Shaft Mining |
| 22:35 | Crear | Villager (Male) ×3 |
| 22:39 | Crear | Monk |
| 22:47 | Construir | Farm |
| 23:02 | Crear | Villager (Male) ×3 |
| 23:10 | Construir | Farm |
| 23:11 | Construir | Farm |
| 23:19 | Construir | Farm |
| 23:37 | Construir | University |
| 23:54 | Construir | Farm |
| 23:55 | Construir | Farm |
| 24:01 | Crear | Villager (Male) ×5 |
| 24:02 | Crear | Villager (Male) ×2 |
| 24:02 | Crear | Villager (Male) ×2 |
| 24:07 | Construir | Farm |
| 24:21 | Crear | Monk |
| 24:37 | Construir | Farm |
| 24:39 | Construir | Farm |
| 24:57 | Construir | Town Center |
| 25:12 | Investigar | Hand Cart |
| 25:13 | Crear | Villager (Male) ×5 |
| 25:13 | Crear | Villager (Male) |
| 25:29 | Construir | Farm |
| 25:32 | Construir | Farm |
| 25:35 | Construir | Farm |
| 25:43 | Construir | Farm |
| 25:58 | Construir | Farm |
| 25:59 | Construir | Farm |
| 26:03 | Crear | Villager (Male) ×5 |
| 26:04 | Crear | Villager (Male) ×5 |
| 26:04 | Crear | Villager (Male) |
| 26:14 | Construir | House |
| 26:16 | Construir | House |
| 26:17 | Construir | House |
| 26:18 | Construir | House |
| 26:19 | Construir | House |
| 26:21 | Construir | House |
| 26:22 | Construir | House |
| 26:44 | Construir | Farm |
| 26:45 | Construir | Farm |
| 26:52 | Construir | Farm |
| 27:20 | Construir | Mill |
| 27:26 | Construir | Farm |
| 27:35 | Construir | Farm |
| 27:38 | Construir | Farm |
| 27:42 | Investigar | Imperial Age |
| 27:48 | Construir | Farm |
| 28:23 | Crear | Villager (Male) |
| 28:24 | Crear | Villager (Male) |
| 28:24 | Crear | Villager (Male) |
| 28:24 | Crear | Villager (Male) |
| 28:25 | Crear | Villager (Male) |
| 28:28 | Crear | Villager (Male) |
| 28:28 | Crear | Villager (Male) |
| 28:29 | Crear | Villager (Male) |
| 28:29 | Crear | Villager (Male) |
| 28:51 | Construir | Farm |
Build order — Capo9010
Primeras 150 de 449 acciones detectadas
| 0:01 | Investigar | Loom |
| 0:03 | Construir | House |
| 0:04 | Construir | House |
| 0:20 | Crear | Villager (Male) |
| 0:20 | Crear | Villager (Male) |
| 0:31 | Crear | Villager (Male) |
| 0:49 | Crear | Villager (Male) |
| 1:37 | Construir | Lumber Camp |
| 1:54 | Crear | Villager (Male) |
| 2:38 | Crear | Villager (Male) |
| 2:38 | Crear | Villager (Male) |
| 3:02 | Construir | Palisade Wall |
| 3:10 | Crear | Villager (Male) |
| 3:33 | Construir | House |
| 3:38 | Crear | Villager (Male) |
| 3:43 | Crear | Villager (Male) |
| 4:37 | Crear | Villager (Male) |
| 4:47 | Construir | House |
| 5:39 | Crear | Villager (Male) |
| 6:02 | Crear | Villager (Male) |
| 6:09 | Crear | Villager (Male) |
| 6:23 | Crear | Villager (Male) |
| 6:34 | Crear | Villager (Male) |
| 6:56 | Crear | Villager (Male) |
| 7:00 | Construir | Mill |
| 7:20 | Crear | Villager (Male) |
| 7:25 | Construir | House |
| 7:46 | Crear | Villager (Male) |
| 8:54 | Investigar | Feudal Age |
| 9:08 | Construir | Mining Camp |
| 9:55 | Construir | Mill |
| 10:09 | Construir | House |
| 11:09 | Edad | Edad Feudal |
| 11:10 | Investigar | Wheelbarrow |
| 11:10 | Crear | Villager (Male) |
| 11:11 | Crear | Villager (Male) |
| 11:22 | Investigar | Double-Bit Axe |
| 11:23 | Crear | Villager (Male) |
| 11:34 | Crear | Villager (Male) |
| 11:59 | Crear | Villager (Male) |
| 12:24 | Construir | Market |
| 12:29 | Crear | Villager (Male) |
| 12:40 | Crear | Villager (Male) |
| 12:46 | Construir | House |
| 13:40 | Construir | Farm |
| 13:43 | Crear | Villager (Male) |
| 14:02 | Construir | Farm |
| 14:49 | Construir | Blacksmith |
| 15:31 | Investigar | Castle Age |
| 15:34 | Construir | Farm |
| 15:35 | Construir | Farm |
| 16:11 | Construir | Barracks |
| 16:28 | Investigar | Horse Collar |
| 17:17 | Construir | Mining Camp |
| 17:26 | Construir | Archery Range |
| 17:40 | Construir | Farm |
| 18:11 | Edad | Edad de los Castillos |
| 18:12 | Crear | Villager (Male) |
| 18:13 | Crear | Villager (Male) |
| 18:22 | Construir | Town Center |
| 18:24 | Crear | Villager (Male) |
| 18:39 | Investigar | Bow Saw |
| 19:05 | Crear | Villager (Male) |
| 19:23 | Construir | Siege Workshop |
| 19:28 | Crear | Villager (Male) |
| 19:32 | Investigar | Heavy Plow |
| 19:47 | Crear | Villager (Male) |
| 19:56 | Construir | Farm |
| 20:02 | Crear | Villager (Male) |
| 20:20 | Crear | Villager (Male) |
| 20:23 | Construir | Farm |
| 20:30 | Construir | Farm |
| 20:31 | Construir | Farm |
| 20:35 | Construir | Farm |
| 20:37 | Crear | Villager (Male) |
| 20:51 | Crear | Villager (Male) |
| 21:06 | Construir | University |
| 21:08 | Crear | Villager (Male) |
| 21:18 | Construir | House |
| 21:19 | Construir | House |
| 21:22 | Crear | Villager (Male) |
| 21:30 | Crear | Villager (Male) |
| 21:31 | Crear | Villager (Male) |
| 21:32 | Crear | Villager (Male) |
| 21:34 | Construir | Farm |
| 21:39 | Crear | Villager (Male) |
| 21:50 | Construir | Monastery |
| 21:54 | Crear | Villager (Male) |
| 21:58 | Crear | Villager (Male) |
| 22:11 | Crear | Trade Cart |
| 22:23 | Construir | Farm |
| 22:25 | Crear | Villager (Male) |
| 22:25 | Crear | Villager (Male) |
| 22:37 | Construir | House |
| 22:40 | Construir | House |
| 22:43 | Crear | Villager (Male) |
| 22:55 | Construir | Farm |
| 22:58 | Crear | Monk |
| 23:07 | Crear | Villager (Male) |
| 23:17 | Crear | Cavalry Archer |
| 23:17 | Crear | Cavalry Archer |
| 23:22 | Crear | Villager (Male) |
| 23:25 | Construir | Farm |
| 23:28 | Crear | Villager (Male) |
| 23:35 | Crear | Villager (Male) |
| 23:35 | Crear | Villager (Male) |
| 23:53 | Construir | Town Center |
| 24:06 | Crear | Villager (Male) |
| 24:18 | Construir | Farm |
| 24:20 | Crear | Villager (Male) |
| 24:24 | Construir | Farm |
| 24:40 | Construir | Farm |
| 24:44 | Crear | Villager (Male) |
| 24:47 | Crear | Villager (Male) |
| 24:48 | Crear | Villager (Male) |
| 24:56 | Investigar | Hand Cart |
| 25:00 | Crear | Villager (Male) |
| 25:31 | Construir | Stable |
| 25:46 | Construir | House |
| 25:47 | Construir | House |
| 25:49 | Construir | House |
| 26:25 | Construir | Farm |
| 26:29 | Construir | Farm |
| 26:33 | Construir | Farm |
| 26:34 | Crear | Villager (Male) |
| 26:49 | Construir | Castle |
| 26:57 | Construir | Town Center |
| 27:01 | Construir | Farm |
| 27:25 | Construir | Farm |
| 27:41 | Construir | Town Center |
| 27:59 | Investigar | Imperial Age |
| 28:04 | Crear | Cavalry Archer |
| 28:05 | Crear | Cavalry Archer |
| 28:11 | Crear | Villager (Male) |
| 28:11 | Crear | Villager (Male) |
| 28:22 | Crear | Villager (Male) |
| 28:23 | Crear | Villager (Male) |
| 28:29 | Crear | Cavalry Archer |
| 28:36 | Crear | Villager (Male) |
| 28:42 | Investigar | Padded Archer Armor |
| 28:55 | Investigar | Gold Mining |
| 29:03 | Crear | Cavalry Archer |
| 29:08 | Crear | Villager (Male) |
| 29:09 | Crear | Villager (Male) |
| 29:13 | Construir | Farm |
| 29:16 | Crear | Villager (Male) |
| 29:16 | Crear | Villager (Male) |
| 29:17 | Crear | Villager (Male) |
| 29:21 | Crear | Villager (Male) |
| 29:39 | Investigar | Treadmill Crane |
Build order — UniformSpace737
Primeras 150 de 626 acciones detectadas
| 0:03 | Crear | Villager (Male) |
| 0:03 | Crear | Villager (Male) |
| 0:03 | Crear | Villager (Male) |
| 0:04 | Crear | Villager (Male) |
| 0:05 | Construir | House |
| 0:08 | Construir | House |
| 0:45 | Investigar | Loom |
| 1:48 | Crear | Villager (Male) |
| 2:10 | Crear | Villager (Male) |
| 2:44 | Crear | Villager (Male) |
| 3:07 | Crear | Villager (Male) |
| 3:26 | Crear | Villager (Male) |
| 3:45 | Construir | Lumber Camp |
| 3:47 | Construir | House |
| 3:48 | Construir | House |
| 4:22 | Crear | Villager (Male) |
| 4:22 | Crear | Villager (Male) |
| 4:56 | Crear | Villager (Male) |
| 4:57 | Crear | Villager (Male) |
| 4:57 | Crear | Villager (Male) |
| 5:32 | Crear | Villager (Male) |
| 5:32 | Crear | Villager (Male) |
| 5:43 | Construir | Mill |
| 6:28 | Crear | Villager (Male) |
| 6:28 | Crear | Villager (Male) |
| 7:27 | Crear | Villager (Male) |
| 7:55 | Crear | Villager (Male) |
| 8:05 | Crear | Villager (Male) |
| 8:05 | Crear | Villager (Male) |
| 8:15 | Construir | Mining Camp |
| 8:47 | Construir | Mill |
| 9:49 | Investigar | Feudal Age |
| 10:09 | Construir | House |
| 10:45 | Crear | Villager (Male) |
| 11:19 | Crear | Villager (Male) |
| 11:55 | Construir | Mining Camp |
| 11:59 | Edad | Edad Feudal |
| 12:10 | Construir | Blacksmith |
| 12:18 | Construir | Market |
| 12:33 | Crear | Villager (Male) |
| 12:38 | Crear | Villager (Male) |
| 12:40 | Crear | Villager (Male) |
| 13:55 | Construir | Lumber Camp |
| 14:08 | Investigar | Castle Age |
| 14:14 | Investigar | Stone Mining |
| 14:59 | Construir | House |
| 15:00 | Construir | House |
| 15:55 | Construir | Palisade Wall |
| 16:34 | Construir | Farm |
| 16:42 | Construir | Farm |
| 16:48 | Edad | Edad de los Castillos |
| 17:01 | Construir | Castle |
| 17:29 | Construir | Town Center |
| 17:33 | Crear | Villager (Male) |
| 17:33 | Crear | Villager (Male) |
| 17:50 | Construir | Farm |
| 17:52 | Construir | Farm |
| 17:53 | Construir | House |
| 18:04 | Crear | Villager (Male) |
| 18:23 | Crear | Villager (Male) |
| 18:41 | Crear | Huskarl |
| 18:41 | Crear | Huskarl |
| 18:50 | Crear | Villager (Male) |
| 18:50 | Crear | Villager (Male) |
| 19:07 | Crear | Huskarl |
| 19:14 | Construir | Town Center |
| 19:39 | Construir | Farm |
| 19:40 | Construir | Farm |
| 19:42 | Construir | Farm |
| 19:44 | Construir | House |
| 19:57 | Crear | Villager (Male) |
| 20:17 | Crear | Petard |
| 20:31 | Construir | Farm |
| 20:33 | Construir | Farm |
| 20:37 | Construir | Farm |
| 20:38 | Construir | House |
| 20:46 | Crear | Petard |
| 21:00 | Construir | Farm |
| 21:03 | Construir | Farm |
| 21:06 | Construir | House |
| 21:18 | Construir | Farm |
| 21:20 | Construir | Farm |
| 21:21 | Construir | Farm |
| 21:25 | Crear | Villager (Male) |
| 21:30 | Crear | Villager (Male) |
| 21:53 | Crear | Villager (Male) |
| 21:57 | Crear | Villager (Male) |
| 22:11 | Construir | Farm |
| 22:14 | Construir | Farm |
| 22:16 | Construir | Farm |
| 22:18 | Construir | Farm |
| 22:20 | Construir | House |
| 22:24 | Crear | Villager (Male) |
| 22:29 | Crear | Villager (Male) |
| 22:36 | Construir | Farm |
| 22:38 | Construir | Farm |
| 22:39 | Construir | House |
| 22:45 | Crear | Villager (Male) |
| 23:04 | Crear | Villager (Male) |
| 23:08 | Crear | Villager (Male) |
| 23:44 | Construir | Town Center |
| 23:47 | Crear | Villager (Male) |
| 23:48 | Crear | Villager (Male) |
| 23:50 | Crear | Villager (Male) |
| 23:54 | Crear | Villager (Male) |
| 23:54 | Crear | Villager (Male) |
| 24:08 | Crear | Villager (Male) |
| 24:08 | Crear | Villager (Male) |
| 24:14 | Construir | Farm |
| 24:16 | Construir | Farm |
| 24:31 | Crear | Villager (Male) |
| 24:42 | Crear | Villager (Male) |
| 24:55 | Construir | House |
| 24:57 | Construir | House |
| 24:58 | Construir | House |
| 25:09 | Crear | Villager (Male) |
| 25:09 | Crear | Villager (Male) |
| 25:19 | Construir | Farm |
| 25:21 | Construir | Farm |
| 25:22 | Construir | House |
| 25:27 | Crear | Villager (Male) |
| 25:29 | Crear | Villager (Male) |
| 25:33 | Crear | Villager (Male) |
| 25:33 | Crear | Villager (Male) |
| 25:47 | Construir | Farm |
| 25:48 | Construir | House |
| 25:54 | Crear | Villager (Male) |
| 25:57 | Crear | Villager (Male) |
| 26:02 | Construir | Farm |
| 26:05 | Construir | House |
| 26:07 | Crear | Villager (Male) |
| 26:10 | Crear | Villager (Male) |
| 26:23 | Crear | Villager (Male) |
| 26:24 | Crear | Villager (Male) |
| 26:31 | Construir | Farm |
| 26:32 | Construir | Farm |
| 26:34 | Construir | House |
| 26:48 | Construir | University |
| 26:53 | Construir | House |
| 26:56 | Construir | House |
| 27:00 | Crear | Villager (Male) |
| 27:00 | Crear | Villager (Male) |
| 27:03 | Crear | Villager (Male) |
| 27:03 | Crear | Villager (Male) |
| 27:15 | Construir | Farm |
| 27:17 | Construir | Farm |
| 27:20 | Construir | Farm |
| 27:32 | Construir | Farm |
| 27:34 | Construir | Farm |
| 27:37 | Construir | House |
Build order — InvisibleUnc
Primeras 150 de 499 acciones detectadas
| 0:02 | Crear | Villager (Male) |
| 0:04 | Construir | House |
| 0:07 | Construir | House |
| 0:08 | Investigar | Loom |
| 0:09 | Crear | Villager (Male) |
| 0:09 | Crear | Villager (Male) |
| 0:09 | Crear | Villager (Male) |
| 1:12 | Construir | Palisade Wall |
| 1:15 | Construir | Palisade Wall |
| 2:06 | Crear | Villager (Male) |
| 2:40 | Crear | Villager (Male) |
| 2:40 | Crear | Villager (Male) |
| 3:18 | Crear | Villager (Male) |
| 3:53 | Construir | Palisade Wall |
| 3:58 | Crear | Villager (Male) |
| 4:21 | Construir | Palisade Wall |
| 4:22 | Construir | Palisade Wall |
| 4:24 | Crear | Villager (Male) |
| 4:24 | Crear | Villager (Male) |
| 4:24 | Crear | Villager (Male) |
| 4:33 | Construir | Lumber Camp |
| 4:35 | Crear | Villager (Male) |
| 4:36 | Crear | Villager (Male) |
| 4:45 | Crear | Villager (Male) |
| 4:45 | Crear | Villager (Male) |
| 5:05 | Crear | Villager (Male) |
| 5:06 | Crear | Villager (Male) |
| 5:22 | Construir | House |
| 5:50 | Crear | Villager (Male) |
| 5:50 | Crear | Villager (Male) |
| 6:40 | Construir | Mill |
| 6:53 | Construir | House |
| 7:19 | Crear | Villager (Male) |
| 7:47 | Crear | Villager (Male) |
| 7:47 | Crear | Villager (Male) |
| 7:47 | Crear | Villager (Male) |
| 7:47 | Crear | Villager (Male) |
| 7:58 | Construir | Mining Camp |
| 9:15 | Construir | Mining Camp |
| 9:57 | Investigar | Feudal Age |
| 10:01 | Construir | House |
| 10:44 | Construir | Mill |
| 11:31 | Construir | Lumber Camp |
| 12:07 | Edad | Edad Feudal |
| 12:12 | Construir | Market |
| 12:13 | Construir | Blacksmith |
| 12:24 | Crear | Villager (Male) |
| 12:24 | Crear | Villager (Male) |
| 12:24 | Crear | Villager (Male) |
| 12:24 | Crear | Villager (Male) |
| 13:03 | Construir | Lumber Camp |
| 13:23 | Investigar | Double-Bit Axe |
| 14:11 | Crear | Villager (Male) |
| 14:11 | Crear | Villager (Male) |
| 14:20 | Construir | Lumber Camp |
| 14:47 | Crear | Villager (Male) |
| 15:19 | Investigar | Castle Age |
| 16:07 | Investigar | Horse Collar |
| 16:39 | Construir | Farm |
| 16:41 | Construir | Farm |
| 16:42 | Construir | Farm |
| 16:43 | Construir | Farm |
| 16:44 | Construir | Farm |
| 16:50 | Construir | Farm |
| 16:52 | Construir | House |
| 16:56 | Construir | Farm |
| 17:31 | Crear | Villager (Male) |
| 18:06 | Edad | Edad de los Castillos |
| 18:12 | Construir | Town Center |
| 18:23 | Construir | Town Center |
| 18:28 | Crear | Villager (Male) |
| 18:31 | Construir | Town Center |
| 18:42 | Investigar | Bow Saw |
| 19:19 | Crear | Villager (Male) |
| 19:53 | Crear | Villager (Male) |
| 19:53 | Crear | Villager (Male) |
| 19:53 | Crear | Villager (Male) |
| 19:53 | Crear | Villager (Male) |
| 19:53 | Crear | Villager (Male) |
| 19:54 | Crear | Villager (Male) |
| 19:54 | Crear | Villager (Male) |
| 19:55 | Crear | Villager (Male) |
| 19:55 | Crear | Villager (Male) |
| 19:55 | Crear | Villager (Male) |
| 20:37 | Construir | Monastery |
| 20:39 | Construir | House |
| 20:41 | Construir | House |
| 20:53 | Construir | Farm |
| 20:55 | Construir | Farm |
| 20:56 | Construir | Farm |
| 20:57 | Construir | Farm |
| 20:59 | Construir | Farm |
| 21:00 | Construir | Farm |
| 21:02 | Construir | Farm |
| 21:03 | Construir | Farm |
| 21:06 | Crear | Villager (Male) |
| 21:06 | Crear | Villager (Male) |
| 21:06 | Crear | Villager (Male) |
| 21:10 | Construir | Farm |
| 21:12 | Construir | Farm |
| 21:20 | Construir | Mill |
| 21:21 | Construir | Farm |
| 21:26 | Crear | Villager (Male) |
| 21:26 | Crear | Villager (Male) |
| 21:49 | Construir | Farm |
| 21:50 | Crear | Villager (Male) |
| 21:50 | Crear | Villager (Male) |
| 21:57 | Construir | Farm |
| 22:01 | Construir | Farm |
| 22:04 | Construir | Farm |
| 22:08 | Construir | Farm |
| 22:12 | Construir | Farm |
| 22:16 | Construir | Farm |
| 22:20 | Construir | Farm |
| 22:22 | Crear | Villager (Male) |
| 22:22 | Crear | Villager (Male) |
| 22:22 | Crear | Villager (Male) |
| 22:22 | Crear | Villager (Male) |
| 22:23 | Crear | Monk |
| 22:29 | Construir | Farm |
| 22:32 | Crear | Villager (Male) |
| 22:32 | Crear | Villager (Male) |
| 22:47 | Construir | Mill |
| 22:48 | Construir | Farm |
| 22:52 | Construir | Farm |
| 23:03 | Construir | Farm |
| 23:04 | Crear | Villager (Male) |
| 23:04 | Crear | Villager (Male) |
| 23:04 | Crear | Villager (Male) |
| 23:05 | Crear | Villager (Male) |
| 23:05 | Crear | Villager (Male) |
| 23:05 | Crear | Villager (Male) |
| 23:07 | Crear | Villager (Male) |
| 24:09 | Crear | Villager (Male) |
| 24:09 | Crear | Villager (Male) |
| 24:10 | Crear | Villager (Male) |
| 24:10 | Crear | Villager (Male) |
| 24:10 | Crear | Villager (Male) |
| 24:10 | Crear | Villager (Male) |
| 24:11 | Crear | Villager (Male) |
| 24:11 | Crear | Villager (Male) |
| 24:17 | Construir | Farm |
| 24:20 | Construir | Farm |
| 24:21 | Construir | House |
| 24:22 | Construir | House |
| 24:23 | Construir | House |
| 24:24 | Construir | House |
| 24:33 | Construir | Farm |
| 24:36 | Construir | Farm |
| 24:38 | Construir | Farm |
Build order — Mario
Primeras 150 de 334 acciones detectadas
| 0:03 | Crear | Villager (Male) |
| 0:03 | Crear | Villager (Male) |
| 0:03 | Crear | Villager (Male) |
| 0:04 | Crear | Villager (Male) |
| 0:09 | Construir | House |
| 1:06 | Construir | Palisade Wall |
| 2:08 | Construir | House |
| 2:10 | Construir | House |
| 2:15 | Crear | Villager (Male) |
| 2:40 | Construir | House |
| 2:41 | Construir | House |
| 3:01 | Crear | Villager (Male) |
| 3:02 | Crear | Villager (Male) |
| 3:43 | Crear | Villager (Male) |
| 3:44 | Crear | Villager (Male) |
| 3:44 | Crear | Villager (Male) |
| 4:22 | Crear | Villager (Male) |
| 4:56 | Construir | Lumber Camp |
| 5:06 | Crear | Villager (Male) |
| 5:27 | Crear | Villager (Male) |
| 5:53 | Crear | Villager (Male) |
| 6:13 | Construir | Mill |
| 6:18 | Crear | Villager (Male) |
| 6:44 | Crear | Villager (Male) |
| 7:09 | Construir | House |
| 7:09 | Construir | House |
| 7:11 | Construir | House |
| 7:18 | Crear | Villager (Male) |
| 7:19 | Crear | Villager (Male) |
| 7:40 | Crear | Villager (Male) |
| 7:57 | Crear | Villager (Male) |
| 8:21 | Construir | Mill |
| 8:36 | Crear | Villager (Male) |
| 8:36 | Crear | Villager (Male) |
| 9:24 | Construir | Mill |
| 9:33 | Construir | House |
| 9:35 | Construir | House |
| 9:36 | Construir | House |
| 9:43 | Crear | Villager (Male) |
| 9:43 | Crear | Villager (Male) |
| 9:44 | Crear | Villager (Male) |
| 11:07 | Construir | House |
| 11:07 | Construir | House |
| 11:32 | Investigar | Feudal Age |
| 12:11 | Construir | House |
| 12:15 | Construir | House |
| 12:20 | Crear | Villager (Male) ×5 |
| 12:32 | Construir | Lumber Camp |
| 13:04 | Construir | House |
| 13:06 | Construir | House |
| 13:42 | Edad | Edad Feudal |
| 13:43 | Construir | Lumber Camp |
| 14:30 | Investigar | Double-Bit Axe |
| 15:19 | Construir | Market |
| 15:33 | Construir | Farm |
| 15:34 | Construir | Farm |
| 15:36 | Construir | Farm |
| 15:37 | Construir | Farm |
| 15:43 | Investigar | Wheelbarrow |
| 16:12 | Construir | Farm |
| 16:13 | Construir | Farm |
| 16:15 | Construir | Farm |
| 16:33 | Construir | Mining Camp |
| 16:46 | Construir | Blacksmith |
| 16:52 | Construir | Mining Camp |
| 17:20 | Investigar | Castle Age |
| 17:49 | Investigar | Horse Collar |
| 17:55 | Investigar | Forging |
| 17:57 | Investigar | Scale Mail Armor |
| 18:33 | Construir | Farm |
| 18:35 | Construir | Farm |
| 18:37 | Construir | Farm |
| 18:40 | Construir | Farm |
| 19:05 | Crear | Villager (Male) ×4 |
| 19:12 | Crear | Villager (Male) |
| 20:00 | Edad | Edad de los Castillos |
| 20:05 | Construir | Town Center |
| 20:17 | Construir | Town Center |
| 20:21 | Crear | Villager (Male) |
| 20:24 | Investigar | Gold Mining |
| 20:31 | Investigar | Heavy Plow |
| 20:41 | Construir | Farm |
| 20:42 | Construir | Farm |
| 20:44 | Construir | Farm |
| 20:46 | Construir | Farm |
| 21:03 | Investigar | Bow Saw |
| 21:18 | Crear | Villager (Male) |
| 21:26 | Investigar | Loom |
| 21:30 | Crear | Villager (Male) |
| 21:48 | Investigar | Stone Mining |
| 22:05 | Crear | Villager (Male) |
| 22:08 | Crear | Villager (Male) |
| 22:21 | Construir | Farm |
| 22:23 | Construir | Farm |
| 22:26 | Construir | Farm |
| 22:27 | Construir | Farm |
| 22:44 | Crear | Villager (Male) |
| 22:48 | Crear | Villager (Male) |
| 22:54 | Crear | Villager (Male) |
| 22:59 | Crear | Villager (Male) |
| 23:00 | Crear | Villager (Male) |
| 23:00 | Crear | Villager (Male) |
| 23:10 | Construir | Monastery |
| 23:14 | Construir | University |
| 23:24 | Construir | Mill |
| 23:28 | Construir | Farm |
| 23:29 | Construir | Farm |
| 23:31 | Construir | Farm |
| 23:32 | Construir | Farm |
| 23:35 | Construir | Farm |
| 23:39 | Crear | Villager (Male) |
| 23:39 | Crear | Villager (Male) |
| 23:42 | Crear | Villager (Male) |
| 23:42 | Crear | Villager (Male) |
| 23:46 | Crear | Villager (Male) |
| 23:50 | Crear | Monk |
| 23:57 | Crear | Villager (Male) |
| 24:06 | Investigar | Stone Shaft Mining |
| 24:18 | Crear | Villager (Male) |
| 24:26 | Construir | Farm |
| 24:29 | Construir | Farm |
| 24:31 | Construir | Farm |
| 24:34 | Crear | Villager (Male) |
| 24:39 | Crear | Villager (Male) |
| 24:42 | Crear | Villager (Male) |
| 24:43 | Crear | Villager (Male) |
| 24:59 | Investigar | Fervor |
| 25:18 | Crear | Villager (Male) |
| 25:19 | Crear | Villager (Male) |
| 25:20 | Crear | Villager (Male) |
| 25:20 | Crear | Villager (Male) |
| 25:22 | Crear | Villager (Male) |
| 25:22 | Crear | Villager (Male) |
| 25:55 | Crear | Villager (Male) |
| 26:01 | Crear | Villager (Male) |
| 26:19 | Crear | Villager (Male) |
| 26:20 | Crear | Villager (Male) |
| 26:24 | Crear | Villager (Male) |
| 26:25 | Crear | Villager (Male) |
| 26:32 | Crear | Villager (Male) |
| 26:33 | Crear | Villager (Male) |
| 26:33 | Crear | Villager (Male) |
| 26:51 | Construir | Castle |
| 27:02 | Crear | Villager (Male) |
| 27:10 | Investigar | Fortified Wall (upgrade) |
| 27:11 | Investigar | Ballistics |
| 27:18 | Crear | Villager (Male) |
| 27:18 | Crear | Villager (Male) |
| 27:23 | Crear | Villager (Male) |
| 27:23 | Crear | Villager (Male) |
Build order — Sandra Martino
Primeras 150 de 377 acciones detectadas
| 0:02 | Crear | Villager (Male) |
| 0:02 | Investigar | Loom |
| 0:02 | Crear | Villager (Male) |
| 0:03 | Crear | Villager (Male) |
| 0:04 | Construir | House |
| 0:05 | Construir | House |
| 0:46 | Crear | Villager (Male) |
| 0:51 | Construir | Lumber Camp |
| 2:11 | Crear | Villager (Male) |
| 2:40 | Crear | Villager (Male) |
| 2:50 | Construir | House |
| 2:56 | Construir | Palisade Wall |
| 3:07 | Crear | Villager (Male) |
| 3:37 | Crear | Villager (Male) |
| 4:02 | Crear | Villager (Male) |
| 4:03 | Crear | Villager (Male) |
| 4:50 | Crear | Villager (Male) |
| 4:51 | Crear | Villager (Male) |
| 5:41 | Construir | Mill |
| 5:50 | Crear | Villager (Male) |
| 5:50 | Crear | Villager (Male) |
| 5:50 | Crear | Villager (Male) |
| 7:08 | Crear | Villager (Male) |
| 7:09 | Crear | Villager (Male) |
| 7:49 | Construir | House |
| 8:33 | Crear | Villager (Male) |
| 8:35 | Crear | Villager (Male) |
| 9:06 | Investigar | Feudal Age |
| 9:16 | Construir | House |
| 9:18 | Construir | House |
| 9:57 | Crear | Villager (Male) |
| 9:58 | Crear | Villager (Male) |
| 9:58 | Crear | Villager (Male) |
| 9:59 | Crear | Villager (Male) |
| 10:16 | Construir | Mining Camp |
| 11:16 | Construir | Lumber Camp |
| 11:36 | Edad | Edad Feudal |
| 11:37 | Investigar | Double-Bit Axe |
| 11:54 | Construir | Farm |
| 11:55 | Construir | Farm |
| 12:12 | Construir | Farm |
| 12:37 | Investigar | Horse Collar |
| 12:59 | Construir | Market |
| 13:12 | Crear | Villager (Male) |
| 13:35 | Construir | Farm |
| 13:37 | Construir | Farm |
| 13:40 | Construir | Farm |
| 13:49 | Crear | Villager (Male) |
| 13:54 | Construir | Farm |
| 14:14 | Crear | Villager (Male) |
| 14:18 | Construir | Farm |
| 14:33 | Construir | Farm |
| 14:34 | Construir | Farm |
| 14:41 | Crear | Villager (Male) |
| 14:53 | Construir | Blacksmith |
| 15:01 | Crear | Villager (Male) |
| 15:04 | Construir | Farm |
| 15:14 | Construir | House |
| 15:29 | Construir | Farm |
| 15:33 | Construir | Farm |
| 15:35 | Crear | Villager (Male) |
| 15:45 | Construir | Farm |
| 16:02 | Crear | Villager (Male) |
| 16:09 | Construir | Farm |
| 16:34 | Investigar | Castle Age |
| 16:40 | Construir | Farm |
| 17:37 | Crear | Villager (Male) |
| 17:37 | Crear | Villager (Male) |
| 17:37 | Crear | Villager (Male) |
| 17:38 | Crear | Villager (Male) |
| 17:55 | Investigar | Wheelbarrow |
| 18:42 | Construir | Barracks |
| 19:14 | Edad | Edad de los Castillos |
| 19:20 | Construir | Town Center |
| 19:33 | Construir | Town Center |
| 19:40 | Crear | Villager (Male) |
| 19:40 | Crear | Villager (Male) |
| 19:40 | Crear | Villager (Male) |
| 19:40 | Crear | Villager (Male) |
| 19:53 | Construir | Farm |
| 20:31 | Crear | Villager (Male) |
| 20:31 | Crear | Villager (Male) |
| 20:32 | Crear | Villager (Male) |
| 20:36 | Construir | Siege Workshop |
| 20:52 | Crear | Villager (Male) |
| 20:52 | Crear | Villager (Male) |
| 21:00 | Construir | House |
| 21:00 | Construir | House |
| 21:01 | Construir | House |
| 21:02 | Construir | House |
| 21:02 | Construir | House |
| 21:03 | Construir | House |
| 21:03 | Construir | House |
| 21:03 | Construir | House |
| 21:04 | Construir | House |
| 21:05 | Construir | House |
| 21:06 | Construir | House |
| 21:06 | Construir | House |
| 21:06 | Construir | House |
| 21:06 | Construir | House |
| 21:07 | Construir | House |
| 21:07 | Construir | House |
| 21:12 | Construir | Farm |
| 21:24 | Crear | Villager (Male) |
| 21:25 | Crear | Villager (Male) |
| 21:25 | Crear | Villager (Male) |
| 21:25 | Crear | Villager (Male) |
| 21:26 | Crear | Villager (Male) |
| 21:31 | Construir | Lumber Camp |
| 21:56 | Construir | Farm |
| 22:01 | Crear | Villager (Male) |
| 22:02 | Crear | Villager (Male) |
| 22:02 | Crear | Villager (Male) |
| 22:02 | Crear | Villager (Male) |
| 22:32 | Crear | Villager (Male) |
| 22:32 | Crear | Villager (Male) |
| 22:32 | Crear | Villager (Male) |
| 22:39 | Construir | Farm |
| 22:43 | Investigar | Bow Saw |
| 22:46 | Construir | Lumber Camp |
| 22:49 | Construir | Lumber Camp |
| 23:03 | Crear | Villager (Male) |
| 23:03 | Crear | Villager (Male) |
| 23:03 | Crear | Villager (Male) |
| 23:05 | Crear | Villager (Male) |
| 23:14 | Construir | University |
| 23:23 | Construir | Monastery |
| 23:31 | Crear | Villager (Male) |
| 23:31 | Crear | Villager (Male) |
| 23:31 | Crear | Villager (Male) |
| 24:06 | Crear | Monk |
| 24:17 | Crear | Villager (Male) |
| 24:17 | Crear | Villager (Male) |
| 24:17 | Crear | Villager (Male) |
| 24:18 | Crear | Villager (Male) |
| 24:26 | Investigar | Gold Mining |
| 24:38 | Construir | Stable |
| 24:39 | Construir | Stable |
| 24:53 | Crear | Villager (Male) |
| 24:53 | Crear | Villager (Male) |
| 24:53 | Crear | Villager (Male) |
| 25:01 | Investigar | Forging |
| 25:02 | Investigar | Scale Barding Armor |
| 25:13 | Construir | House |
| 25:14 | Construir | House |
| 25:15 | Construir | House |
| 25:15 | Construir | House |
| 25:16 | Construir | House |
| 25:16 | Construir | House |
| 25:16 | Construir | House |
Build order — ehc_berliner
Primeras 150 de 397 acciones detectadas
| 0:04 | Construir | House |
| 0:06 | Construir | House |
| 0:07 | Crear | Villager (Male) |
| 0:08 | Investigar | Loom |
| 0:08 | Crear | Villager (Male) |
| 0:11 | Crear | Villager (Male) |
| 0:11 | Crear | Villager (Male) |
| 2:03 | Crear | Villager (Male) |
| 2:08 | Crear | Villager (Male) |
| 2:32 | Crear | Villager (Male) |
| 2:56 | Crear | Villager (Male) |
| 3:13 | Crear | Villager (Male) |
| 3:47 | Crear | Villager (Male) |
| 3:47 | Crear | Villager (Male) |
| 4:16 | Crear | Villager (Male) |
| 4:17 | Crear | Villager (Male) |
| 4:24 | Construir | House |
| 4:26 | Construir | House |
| 6:04 | Construir | Lumber Camp |
| 6:10 | Crear | Villager (Male) |
| 6:10 | Crear | Villager (Male) |
| 6:11 | Crear | Villager (Male) |
| 6:11 | Crear | Villager (Male) |
| 6:11 | Crear | Villager (Male) |
| 7:05 | Crear | Villager (Male) |
| 7:26 | Crear | Villager (Male) |
| 7:26 | Crear | Villager (Male) |
| 8:44 | Construir | Mill |
| 8:54 | Crear | Villager (Male) |
| 9:02 | Construir | House |
| 9:03 | Construir | House |
| 9:04 | Construir | House |
| 9:55 | Crear | Villager (Male) |
| 10:44 | Investigar | Feudal Age |
| 11:23 | Crear | Villager (Male) |
| 11:23 | Crear | Villager (Male) |
| 11:23 | Crear | Villager (Male) |
| 11:24 | Crear | Villager (Male) |
| 11:24 | Crear | Villager (Male) |
| 11:52 | Crear | Villager (Male) |
| 12:45 | Crear | Villager (Male) |
| 12:54 | Edad | Edad Feudal |
| 13:13 | Construir | Market |
| 13:17 | Construir | Blacksmith |
| 13:19 | Construir | House |
| 13:21 | Construir | House |
| 13:24 | Construir | House |
| 13:25 | Construir | House |
| 13:32 | Construir | Mining Camp |
| 15:05 | Crear | Villager (Male) |
| 15:29 | Construir | Farm |
| 15:37 | Crear | Villager (Male) |
| 16:11 | Construir | Mining Camp |
| 16:14 | Investigar | Castle Age |
| 16:30 | Construir | Farm |
| 16:35 | Construir | Farm |
| 16:37 | Construir | Farm |
| 16:38 | Construir | Farm |
| 16:39 | Construir | Farm |
| 16:40 | Construir | Farm |
| 16:43 | Construir | Farm |
| 16:44 | Construir | Farm |
| 16:46 | Construir | Farm |
| 16:47 | Construir | Farm |
| 17:23 | Construir | Lumber Camp |
| 17:56 | Investigar | Double-Bit Axe |
| 18:54 | Edad | Edad de los Castillos |
| 18:59 | Crear | Villager (Male) |
| 18:59 | Crear | Villager (Male) |
| 18:59 | Crear | Villager (Male) |
| 19:07 | Construir | Town Center |
| 19:12 | Construir | Town Center |
| 19:30 | Construir | Town Center |
| 19:41 | Construir | Siege Workshop |
| 20:16 | Crear | Villager (Male) |
| 20:17 | Crear | Villager (Male) |
| 20:17 | Crear | Villager (Male) |
| 20:17 | Crear | Villager (Male) |
| 20:30 | Construir | Lumber Camp |
| 20:38 | Crear | Villager (Male) |
| 20:38 | Crear | Villager (Male) |
| 20:53 | Crear | Villager (Male) |
| 20:53 | Crear | Villager (Male) |
| 20:54 | Crear | Villager (Male) |
| 20:55 | Crear | Villager (Male) |
| 21:22 | Construir | Gate |
| 21:27 | Construir | Stone Wall |
| 21:32 | Crear | Villager (Male) |
| 21:33 | Crear | Villager (Male) |
| 21:34 | Crear | Villager (Male) |
| 21:34 | Crear | Villager (Male) |
| 21:59 | Construir | Monastery |
| 22:04 | Construir | House |
| 22:06 | Construir | House |
| 22:07 | Construir | House |
| 22:08 | Construir | House |
| 22:10 | Construir | House |
| 22:11 | Construir | House |
| 22:17 | Construir | Farm |
| 22:29 | Crear | Villager (Male) |
| 22:30 | Crear | Villager (Male) |
| 22:30 | Crear | Villager (Male) |
| 22:30 | Crear | Villager (Male) |
| 22:30 | Crear | Villager (Male) |
| 22:30 | Crear | Villager (Male) |
| 22:31 | Crear | Villager (Male) |
| 22:37 | Construir | Farm |
| 23:01 | Construir | Gate |
| 23:08 | Construir | Stone Wall |
| 23:11 | Construir | Outpost |
| 23:17 | Construir | Farm |
| 23:18 | Construir | Farm |
| 23:19 | Crear | Villager (Male) |
| 23:20 | Crear | Villager (Male) |
| 23:20 | Crear | Villager (Male) |
| 23:20 | Crear | Villager (Male) |
| 23:21 | Crear | Villager (Male) |
| 23:25 | Construir | Farm |
| 23:30 | Construir | Farm |
| 23:34 | Construir | Farm |
| 23:39 | Crear | Villager (Male) |
| 23:43 | Crear | Villager (Male) |
| 23:51 | Construir | Farm |
| 23:54 | Construir | Farm |
| 24:04 | Crear | Monk |
| 24:07 | Crear | Villager (Male) |
| 24:07 | Crear | Villager (Male) |
| 24:14 | Construir | Farm |
| 24:20 | Construir | Farm |
| 24:23 | Crear | Villager (Male) |
| 24:23 | Crear | Villager (Male) |
| 25:39 | Crear | Villager (Male) |
| 25:39 | Crear | Villager (Male) |
| 25:39 | Crear | Villager (Male) |
| 25:39 | Crear | Villager (Male) |
| 25:40 | Crear | Villager (Male) |
| 25:40 | Crear | Villager (Male) |
| 25:40 | Crear | Villager (Male) |
| 25:41 | Crear | Villager (Male) |
| 25:47 | Construir | Farm |
| 25:57 | Construir | Farm |
| 26:05 | Construir | Lumber Camp |
| 26:10 | Construir | House |
| 26:11 | Construir | House |
| 26:12 | Construir | House |
| 26:13 | Construir | House |
| 26:14 | Construir | House |
| 26:43 | Construir | Farm |
| 26:44 | Construir | Farm |
| 26:45 | Construir | Farm |
Build order — Ed
Primeras 150 de 535 acciones detectadas
| 0:01 | Crear | Villager (Male) |
| 0:01 | Crear | Villager (Male) |
| 0:02 | Crear | Villager (Male) |
| 0:03 | Construir | House |
| 0:04 | Construir | House |
| 0:10 | Crear | Villager (Male) |
| 0:26 | Investigar | Loom |
| 0:28 | Crear | Villager (Male) |
| 0:29 | Crear | Villager (Male) |
| 0:52 | Construir | House |
| 0:59 | Construir | Palisade Wall |
| 1:47 | Construir | Lumber Camp |
| 2:08 | Crear | Villager (Male) |
| 2:45 | Crear | Villager (Male) |
| 3:10 | Construir | Palisade Wall |
| 3:21 | Crear | Villager (Male) |
| 3:43 | Crear | Villager (Male) |
| 4:10 | Crear | Villager (Male) |
| 4:50 | Crear | Villager (Male) |
| 5:13 | Crear | Villager (Male) |
| 5:20 | Construir | Mill |
| 5:28 | Construir | House |
| 5:34 | Crear | Villager (Male) |
| 5:35 | Crear | Villager (Male) |
| 6:22 | Crear | Villager (Male) |
| 6:28 | Crear | Villager (Male) |
| 6:31 | Crear | Villager (Male) |
| 6:40 | Construir | Palisade Wall |
| 7:02 | Crear | Villager (Male) |
| 7:06 | Crear | Villager (Male) |
| 7:29 | Crear | Villager (Male) |
| 7:51 | Crear | Villager (Male) |
| 7:53 | Crear | Villager (Male) |
| 7:58 | Crear | Villager (Male) |
| 8:01 | Crear | Villager (Male) |
| 8:23 | Crear | Villager (Male) |
| 8:27 | Crear | Villager (Male) |
| 8:31 | Crear | Villager (Male) |
| 8:35 | Crear | Villager (Male) |
| 8:57 | Crear | Villager (Male) |
| 8:58 | Crear | Villager (Male) |
| 9:25 | Investigar | Feudal Age |
| 9:28 | Crear | Villager (Male) |
| 9:45 | Crear | Villager (Male) |
| 9:47 | Crear | Villager (Male) |
| 9:48 | Crear | Villager (Male) |
| 9:53 | Construir | Outpost |
| 9:58 | Crear | Villager (Male) |
| 10:28 | Construir | Mining Camp |
| 11:18 | Crear | Villager (Male) |
| 11:37 | Edad | Edad Feudal |
| 11:50 | Investigar | Double-Bit Axe |
| 11:51 | Investigar | Horse Collar |
| 11:55 | Crear | Villager (Male) |
| 11:58 | Construir | Farm |
| 11:59 | Crear | Villager (Male) |
| 12:02 | Construir | Farm |
| 12:03 | Crear | Villager (Male) |
| 12:05 | Construir | Farm |
| 12:06 | Crear | Villager (Male) |
| 12:09 | Crear | Villager (Male) |
| 12:16 | Investigar | Wheelbarrow |
| 12:17 | Investigar | Town Watch |
| 12:18 | Crear | Villager (Male) |
| 12:40 | Crear | Villager (Male) |
| 12:45 | Construir | House |
| 12:47 | Construir | House |
| 12:49 | Crear | Villager (Male) |
| 13:10 | Construir | Farm |
| 13:15 | Crear | Villager (Male) |
| 13:43 | Crear | Villager (Male) |
| 13:46 | Construir | Blacksmith |
| 13:53 | Crear | Villager (Male) |
| 13:55 | Crear | Villager (Male) |
| 13:56 | Crear | Villager (Male) |
| 14:04 | Crear | Villager (Male) |
| 14:09 | Crear | Villager (Male) |
| 14:12 | Crear | Villager (Male) |
| 14:19 | Crear | Villager (Male) |
| 14:21 | Crear | Villager (Male) |
| 14:22 | Crear | Villager (Male) |
| 14:42 | Construir | Market |
| 14:43 | Crear | Villager (Male) |
| 14:45 | Crear | Villager (Male) |
| 14:48 | Crear | Villager (Male) |
| 15:02 | Crear | Villager (Male) |
| 15:09 | Construir | Gate |
| 15:19 | Construir | Gate |
| 15:25 | Construir | Stone Wall |
| 15:30 | Construir | Stone Wall |
| 15:32 | Crear | Villager (Male) |
| 15:49 | Construir | Farm |
| 15:56 | Investigar | Castle Age |
| 16:00 | Construir | Farm |
| 16:30 | Crear | Villager (Male) |
| 16:31 | Crear | Villager (Male) |
| 17:01 | Crear | Villager (Male) |
| 17:02 | Crear | Villager (Male) |
| 17:03 | Crear | Villager (Male) |
| 17:09 | Construir | Farm |
| 17:09 | Construir | Farm |
| 17:09 | Construir | Farm |
| 17:10 | Construir | Farm |
| 17:10 | Construir | Farm |
| 17:39 | Construir | Mining Camp |
| 17:44 | Crear | Villager (Male) |
| 18:16 | Construir | Stone Wall |
| 18:38 | Crear | Villager (Male) |
| 18:41 | Edad | Edad de los Castillos |
| 18:43 | Construir | Mining Camp |
| 18:45 | Investigar | Stone Mining |
| 18:49 | Investigar | Bow Saw |
| 18:50 | Crear | Villager (Male) |
| 18:51 | Crear | Villager (Male) |
| 18:53 | Crear | Villager (Male) |
| 18:55 | Crear | Villager (Male) |
| 18:58 | Crear | Villager (Male) |
| 19:00 | Crear | Villager (Male) |
| 19:06 | Construir | Lumber Camp |
| 19:11 | Crear | Villager (Male) |
| 19:17 | Crear | Villager (Male) |
| 19:27 | Crear | Villager (Male) |
| 19:39 | Crear | Villager (Male) |
| 20:03 | Construir | House |
| 20:04 | Construir | House |
| 20:06 | Construir | House |
| 20:33 | Construir | Castle |
| 20:45 | Construir | House |
| 21:06 | Crear | Villager (Male) |
| 21:07 | Crear | Villager (Male) |
| 21:09 | Crear | Villager (Male) |
| 21:13 | Crear | Villager (Male) |
| 21:17 | Construir | Town Center |
| 21:24 | Crear | Urumi Swordsman |
| 21:35 | Crear | Villager (Male) |
| 21:40 | Crear | Villager (Male) |
| 21:41 | Crear | Villager (Male) |
| 21:43 | Crear | Villager (Male) |
| 21:48 | Construir | House |
| 21:50 | Construir | House |
| 21:52 | Construir | House |
| 22:01 | Crear | Villager (Male) |
| 22:07 | Construir | Farm |
| 22:15 | Crear | Villager (Male) |
| 22:17 | Crear | Villager (Male) |
| 22:20 | Crear | Villager (Male) |
| 22:26 | Investigar | Fletching |
| 22:27 | Crear | Villager (Male) |
| 22:36 | Crear | Villager (Male) |
| 22:58 | Crear | Villager (Male) |
Cronología de la partida
| 0:59 | Ed · wall_segment Palisade Wall x10 |
| 1:06 | Mario · wall_segment Palisade Wall x9 |
| 1:12 | InvisibleUnc · wall_segment Palisade Wall x5 |
| 1:15 | InvisibleUnc · wall_segment Palisade Wall x4 |
| 2:47 | Erloeser · wall_segment Palisade Wall x2 |
| 2:52 | Erloeser · wall_segment Palisade Wall x13 |
| 2:56 | Sandra Martino · wall_segment Palisade Wall x5 |
| 3:02 | Capo9010 · wall_segment Palisade Wall x10 |
| 3:10 | Ed · wall_segment Palisade Wall x1 |
| 3:53 | InvisibleUnc · wall_segment Palisade Wall x4 |
| 4:21 | InvisibleUnc · wall_segment Palisade Wall x1 |
| 4:22 | InvisibleUnc · wall_segment Palisade Wall x1 |
| 6:40 | Ed · wall_segment Palisade Wall x1 |
| 11:09 | Capo9010 · age_up feudal |
| 11:36 | Sandra Martino · age_up feudal |
| 11:37 | Ed · age_up feudal |
| 11:59 | UniformSpace737 · age_up feudal |
| 12:07 | InvisibleUnc · age_up feudal |
| 12:34 | Erloeser · age_up feudal |
| 12:54 | ehc_berliner · age_up feudal |
| 13:42 | Mario · age_up feudal |
| 15:25 | Ed · wall_segment Stone Wall x3 |
| 15:30 | Ed · wall_segment Stone Wall x4 |
| 15:55 | UniformSpace737 · wall_segment Palisade Wall x1 |
| 16:11 | Capo9010 · first_building Barracks |
| 16:48 | UniformSpace737 · age_up castle |
| 17:01 | UniformSpace737 · first_building Castle |
| 17:09 | Mario · first_market_sell 100 wood |
| 17:26 | Capo9010 · first_building Archery Range |
| 17:48 | Capo9010 · first_market_buy 100 wood |
| 17:51 | Erloeser · wall_segment Stone Wall x8 |
| 18:06 | InvisibleUnc · age_up castle |
| 18:11 | Capo9010 · age_up castle |
| 18:16 | Ed · wall_segment Stone Wall x9 |
| 18:34 | Erloeser · age_up castle |
| 18:41 | Ed · age_up castle |
| 18:42 | Sandra Martino · first_building Barracks |
| 18:54 | ehc_berliner · age_up castle |
| 19:14 | Sandra Martino · age_up castle |
| 19:23 | Capo9010 · first_building Siege Workshop |
| 19:26 | Ed · first_market_buy 100 stone |
| 19:41 | ehc_berliner · first_building Siege Workshop |
| 19:59 | Ed · first_market_sell 100 wood |
| 20:00 | Mario · age_up castle |
| 20:33 | Ed · first_building Castle |
| 20:36 | Sandra Martino · first_building Siege Workshop |
| 20:37 | InvisibleUnc · first_building Monastery |
| 21:27 | ehc_berliner · wall_segment Stone Wall x12 |
| 21:39 | Erloeser · first_building Monastery |
| 21:50 | Capo9010 · first_building Monastery |
| 21:59 | ehc_berliner · first_building Monastery |
| 23:08 | ehc_berliner · wall_segment Stone Wall x11 |
| 23:10 | Mario · first_building Monastery |
| 23:23 | Sandra Martino · first_building Monastery |
| 24:03 | Ed · first_building Monastery |
| 24:38 | Sandra Martino · first_building Stable |
| 25:31 | Capo9010 · first_building Stable |
| 26:49 | Capo9010 · first_building Castle |
| 26:51 | Mario · first_building Castle |
| 26:53 | InvisibleUnc · first_building Castle |
| 27:53 | Sandra Martino · first_market_buy 100 food |
| 28:30 | Mario · first_building Barracks |
| 28:43 | ehc_berliner · first_building Castle |
| 28:53 | InvisibleUnc · first_building Siege Workshop |
| 29:36 | UniformSpace737 · first_building Barracks |
| 29:37 | InvisibleUnc · first_building Barracks |
| 29:43 | UniformSpace737 · first_building Siege Workshop |
| 30:13 | InvisibleUnc · first_building Stable |
| 30:29 | Erloeser · first_building Siege Workshop |
| 30:38 | Erloeser · first_building Castle |
| 30:43 | Erloeser · first_building Barracks |
| 30:56 | Erloeser · age_up imperial |
| 30:57 | Mario · first_building Archery Range |
| 31:09 | Capo9010 · age_up imperial |
| 31:41 | Sandra Martino · age_up imperial |
| 31:46 | UniformSpace737 · age_up imperial |
| 31:57 | Capo9010 · wall_segment Stone Wall x8 |
| 31:59 | InvisibleUnc · age_up imperial |
| 32:11 | ehc_berliner · age_up imperial |
| 32:18 | Sandra Martino · first_building Castle |
| 32:19 | Ed · first_building Barracks |
| 32:50 | Mario · age_up imperial |
| 33:04 | Sandra Martino · first_market_sell 500 wood |
| 33:14 | UniformSpace737 · first_building Monastery |
| 33:15 | Erloeser · first_market_buy 100 stone |
| 33:28 | UniformSpace737 · first_building Archery Range |
| 33:40 | Mario · first_building Siege Workshop |
| 34:35 | Ed · age_up imperial |
| 35:23 | Ed · wall_segment Stone Wall x16 |
| 39:06 | Mario · first_building Stable |
| 41:43 | Ed · wall_segment Stone Wall x3 |
| 44:08 | ehc_berliner · first_building Barracks |
| 44:48 | UniformSpace737 · first_market_sell 100 wood |
| 45:01 | Capo9010 · first_market_sell 100 food |
| 45:44 | ehc_berliner · first_building Stable |
| 46:02 | Mario · resign |
[ ANÁLISIS IA · 1 CRÉDITO ]
¿Qué pasó realmente en esta partida?
Wolo.gg analiza cada decisión: build order, eco, micro, errores típicos por bracket. Análisis personalizado por WhatsApp o Discord en 30 segundos.
Guía civ
Japoneses
Perfil
Erloeser